AoeStats
← #Tsch

African Clearing

510374215Analyzed
3v3 RM · 1d ago on Sep 30, 2026· 54m 6s· 6 players
Game mode
Random Map
Map size
Normal (6 player)
Population
200
Speed
Normal
Resources
Standard
Victory
Conquest
Starting age
Dark Age
Ending age
Imperial Age
RankedLock teamsTeams togetherTeam positionsShared explorationLock speedFull tech treeHidden civsTurbo modeCheats
Victory
Defeat
🇳🇱 Dravidians · Netherlands
990
+17
🇳🇱 Spanish · Netherlands
990
+17
🇳🇱 Franks · Netherlands
986
+18
🇩🇪 Mongols · Germany
1057
-18
🇸🇪 Khmer · Sweden
1024
-18
🇩🇰 Sicilians · Denmark
984
-16
frommen
14:37 Feudal Age
17:24 Castle Age
16:19 Loom
29:33 Devotion
29:32 Double-Bit Axe
34:45 Masonry
44:06 Gold Mining
48:30 Imperial Age
48:35 Elite Ballista Elephant
52:22 Chemistry
52:24 Conscription
53:50 Bloodlines
MrBubbles
3:36 Loom
13:52 Feudal Age
14:25 Man-at-Arms
18:24 Double-Bit Axe
18:33 Arson
19:53 Forging
19:43 Scale Mail Armor
19:41 Gold Mining
25:49 Bloodlines
30:16 Castle Age
30:11 Horse Collar
30:26 Stone Mining
30:23 Elite Skirmisher
30:28 Pikeman
32:08 Bow Saw
32:09 Heavy Plow
32:43 Gambesons
33:39 Chain Mail Armor
35:37 Fletching
35:48 Padded Archer Armor
36:25 Iron Casting
36:04 Husbandry
35:26 Light Cavalry
38:47 Wheelbarrow
38:44 Bodkin Arrow
39:31 Ballistics
38:41 Crossbowman
41:26 Gold Shaft Mining
43:33 Leather Archer Armor
43:23 Scale Barding Armor
46:13 Hand Cart
49:20 Chain Barding Armor
52:05 Imperial Age
50:42 Stone Shaft Mining
50:11 Murder Holes
50:27 Masonry
53:39 Hauberk
52:57 Elite Serjeant
53:01 Cavalier
55:10 Blast Furnace
#Tsch
9:38 Loom
12:11 Feudal Age
12:43 Double-Bit Axe
14:49 Horse Collar
19:36 Bloodlines
21:37 Castle Age
22:46 Scale Barding Armor
25:00 Wheelbarrow
25:22 Bow Saw
26:36 Chain Barding Armor
26:51 Husbandry
27:21 Forging
28:44 Iron Casting
28:57 Fletching
29:19 Town Watch
29:53 Gold Mining
33:21 Bodkin Arrow
33:27 Padded Archer Armor
35:15 Leather Archer Armor
36:54 Hand Cart
37:09 Ballistics
40:42 Imperial Age
41:16 Heavy Plow
42:32 Chemistry
42:17 Caravan
42:53 Conscription
43:21 Parthian Tactics
43:27 Thumb Ring
44:20 Bracer
44:29 Elite Mangudai
46:46 Hoardings
46:30 Fortified Wall
47:48 Heavy Camel Rider
49:04 Town Patrol
49:06 Scale Mail Armor
50:00 Guard Tower
50:16 Siege Engineers
50:09 Murder Holes
53:57 Gold Shaft Mining
Sweetninja
8:13 Loom
14:04 Feudal Age
19:35 Castle Age
29:22 Fletching
33:33 Sanctity
38:06 Wheelbarrow
42:44 Imperial Age
41:00 Hand Cart
41:05 Hand Cart
41:26 Ordonnance Companies
42:59 Double-Bit Axe
43:48 Heavy Mounted Crossbowman
45:22 Bodkin Arrow
45:27 Padded Archer Armor
45:34 Scale Barding Armor
45:29 Scale Mail Armor
45:40 Forging
46:04 Bow Saw
46:16 Cranequins
47:10 Husbandry
46:44 Cavalier
49:39 Caravan
50:33 Leather Archer Armor
50:04 Paladin
50:46 Chivalry
53:20 Iron Casting
54:14 Town Watch
PuzzahCat
7:33 Loom
14:55 Feudal Age
15:25 Horse Collar
31:43 Castle Age
31:03 Double-Bit Axe
41:29 Wheelbarrow
41:18 Bow Saw
41:06 Gold Mining
41:10 Stone Mining
43:50 Stone Shaft Mining
43:21 Heavy Plow
48:53 Scale Barding Armor
51:25 Imperial Age
49:31 Forging
51:59 Husbandry
51:21 Light Cavalry
52:11 Bloodlines
51:43 Cavalier
52:45 Conscription
52:49 Chain Barding Armor
53:05 Iron Casting
53:04 Paladin
54:28 Plate Barding Armor
GWigWam
3:37 Loom
12:42 Feudal Age
13:22 Double-Bit Axe
13:22 Horse Collar
17:05 Town Watch
18:46 Fletching
22:36 Castle Age
21:08 Padded Archer Armor
23:24 Thumb Ring
23:56 Bodkin Arrow
24:51 Gold Mining
25:16 Bow Saw
25:44 Gold Mining
27:14 Crossbowman
29:44 Leather Archer Armor
31:59 Husbandry
33:14 Wheelbarrow
34:58 Hand Cart
40:22 Ballistics
40:13 Masonry
39:59 Murder Holes
43:59 Imperial Age
42:45 Medical Corps
44:08 Elite Elephant Archer
45:21 Ring Archer Armor
44:51 Bracer
45:59 Chemistry
45:43 Scale Barding Armor
45:49 Forging
46:20 Conscription
52:03 Two-Man Saw
53:35 Coinage
53:19 Guilds
Connection lost

Rejoining the realm…

Still unreachable

The connection could not be restored.

Session expired

The server has moved on; the page needs a fresh start.